 Dungeon Crawl Stone Soup version 0.22.0-27-ga576289 (console) character file.

359 removed the Conjurer (level 6, -1/28 HPs)
             Began as a Vine Stalker Fire Elementalist on Aug 22, 2018.
             Slain by an orc wizard
             ... wielding a +0 dagger
              (5 damage)
             ... on level 3 of the Dungeon.
             The game lasted 00:07:47 (3938 turns).

removed the Conjurer (VSFE)                         Turns: 3938, Time: 00:07:48

Health: -1/28      AC:  4    Str: 10    XL:     6   Next: 65%
Magic:  0/10       EV: 11    Int: 17    God:
Gold:   154        SH:  0    Dex: 15    Spells: 3/9 levels left

rFire    + . .     SeeInvis .   a - +1 short sword (elec)
rCold    + . .     Gourm    .   (no shield)
rNeg     . . .     Faith    .   x - +0 troll leather armour {Purgy}
rPois    .         Spirit   +   (no helmet)
rElec    .         Reflect  .   u - scarf {rC+ rF+}
rCorr    .         Harm     .   (no gloves)
MR       .....                  (no boots)
Stlth    ++........             A - amulet of the acrobat
HPRegen  0.89/turn              (no ring)
MPRegen  0.12/turn              (no ring)

@: no status effects
A: fangs 2, regeneration 1, magic shield, antimagic bite, no potion heal 3, rot
immunity
a: no special abilities


You were on level 3 of the Dungeon.
You were not hungry.

You visited 1 branch of the dungeon, and saw 4 of its levels.
You also visited: Sewer.

You collected 154 gold pieces.

Inventory:

Hand Weapons
 a - a +1 short sword of electrocution (weapon)
 o - a +0 short sword
 w - a +0 dagger
 y - a cursed -1 blowgun
Missiles
 z - 13 poisoned needles
Armour
 i - a +0 robe
 u - a scarf of resistance (worn)
 x - a +0 troll leather armour (worn) {Purgy}
Jewellery
 A - an amulet of the acrobat (around neck)
Scrolls
 e - 4 scrolls of enchant weapon {unknown}
 h - 4 scrolls of identify {unknown}
 j - 3 scrolls of remove curse {unknown}
 m - 5 scrolls of teleportation {unknown}
 n - a scroll of blinking {unknown}
 t - a scroll of random uselessness {unknown}
 v - 2 scrolls of fear {unknown}
 D - a scroll of amnesia {unknown}
Potions
 d - a potion of brilliance {unknown}
 f - 2 potions of lignification {unknown}
 g - 2 potions of haste {unknown}
 k - a potion of heal wounds {unknown}
 l - a potion of ambrosia {unknown}
 p - 2 potions of might {unknown}
 q - a potion of mutation {unknown}
 r - a potion of cancellation {unknown}
 B - 2 potions of flight {unknown}
 C - 2 potions of agility {unknown}
Comestibles
 c - 11 rations
 E - 7 chunks of flesh


   Skills:
 - Level 1.5 Dodging
 - Level 2.4 Stealth
 - Level 2.1 Spellcasting
 + Level 5.2 Conjurations
 + Level 5.0 Fire Magic


You had 3 spell levels left.
You knew the following spells:

 Your Spells              Type           Power        Failure   Level  Hunger
a - Flame Tongue          Conj/Fire      ###..        3%          1    #......
b - Throw Flame           Conj/Fire      ###...       4%          2    ###....
c - Conjure Flame         Conj/Fire      ###.....     10%         3    ###....

Your spell library contained the following spells:

 Spells                   Type           Power        Failure   Level  Hunger
 Inner Flame              Hex/Fire       ##......     28%         3    ###....
 Sticky Flame             Conj/Fire      ###.....     32%         4    #####..
 Fireball                 Conj/Fire      ###.......   65%         5    ######.


Dungeon Overview and Level Annotations

Branches:
Dungeon (4/15)
 Temple: D:4-7

Altars:
Cheibriados
Nemelex Xobeh


Innate Abilities, Weirdness & Mutations

You have extremely sharp teeth.
Your natural rate of healing is unusually fast.
When hurt, damage is shared between your health and your magic reserves.
Your bite disrupts and absorbs the magic of your enemies.
Potions cannot restore your health.
You are immune to rotting.


Message History

You closely miss something. Something hits you.
* * * LOW HITPOINT WARNING * * *
Something hits you but does no damage.
Unknown command.
You hit something. Something hits you.
* * * LOW HITPOINT WARNING * * *
Unknown command.
Casting: Flame Tongue (safe; 3% risk of failure)
Confirm with . or Enter, or press ? or * to list all spells.
Okay, then.
Casting: Flame Tongue (safe; 3% risk of failure)
Confirm with . or Enter, or press ? or * to list all spells.
Aiming: Flame Tongue (safe; 3% risk of failure)
Press: ? - help, Shift-Dir - straight line Something hits you but does no damage.
You hear some strange, mumbled words.
A puff of flame appears from out of thin air!
The puff of flame misses you.
You hit something. Something hits you.
You die...

#.#................#
#.#.##......#####..#
#.#.##.###..#####.÷#
#.#.##.##..>.......#
###......###..#####..#
#.........##..# #..#
#.#.#..##.##..# #..# #
#.#.#..##†##..# #..# #
#.#.#..##@##..# #..# #
#.#.#..##{##..#####..# ##
#.#..................# ##.
#.###.........######.###.#
#.# ##.##.##..######......
#.####.##.##..........##..
#.##......###.#####.#.....
#.##..........# #.#..##.
#............## #.#..##.


There were no monsters in sight!

Vanquished Creatures
  Purgy (Sewer)
  A centaur (D:3)
  A howler monkey (D:3)
  5 adders
  3 worms
  A dart slug (D:3)
  3 leopard geckos
  An orc (D:3)
  2 ball pythons (D:3)
  8 giant cockroaches
  7 hobgoblins
  9 jackals
  5 quokkas
  9 bats
  12 frilled lizards
  2 goblins (D:3)
  13 kobolds
  5 rats
88 creatures vanquished.

Notes
Turn   | Place    | Note
-------+----------+-------------------------------------------
     0 | D:1      | removed the Vine Stalker Fire Elementalist began the quest for the Orb.
     0 | D:1      | Reached XP level 1. HP: 9/9 MP: 4/4
   289 | D:1      | Reached XP level 2. HP: 5/13 MP: 0/6
   608 | D:1      | Found a snail-covered altar of Cheibriados.
  1407 | D:2      | Reached XP level 3. HP: 13/16 MP: 3/7
  1945 | D:2      | Gained mutation: Your natural rate of healing is unusually fast. [Vine Stalker growth]
  1945 | D:2      | Reached XP level 4. HP: 21/21 MP: 4/8
  2344 | D:3      | Learned a level 2 spell: Throw Flame
  2348 | D:3      | Learned a level 3 spell: Conjure Flame
  2457 | D:3      | Found a glowing drain.
  2668 | Sewer    | Entered a sewer
  2756 | Sewer    | Noticed Purgy
  2763 | Sewer    | Killed Purgy
  2763 | Sewer    | Reached XP level 5. HP: 8/24 MP: 0/9
  3042 | D:3      | Noticed a centaur
  3056 | D:3      | Killed a centaur
  3056 | D:3      | Reached XP level 6. HP: 13/28 MP: 0/10
  3177 | D:3      | Found a sparkling altar of Nemelex Xobeh.
  3219 | D:3      | Reached skill level 5 in Conjurations
  3932 | D:3      | Reached skill level 5 in Fire Magic
  3938 | D:3      | Slain by an orc wizard

Skill      XL: |  1  2  3  4  5  6 |
---------------+-------------------+-----
Conjurations   | 2 3 4 5 |  5.2
Fire Magic     | 4 5 |  5.0
Dodging        | |  1.5
Stealth        | |  2.4
Spellcasting   | |  2.1

Action                   |  1- 3 |  4- 6 || total
-------------------------+-------+-------++-------
Melee: Short sword       |     2 |    44 ||    46
       Dagger            |       |    46 ||    46
       Bite              |       |    14 ||    14
 Cast: Flame Tongue      |    52 |    99 ||   151
       Conjure Flame     |       |     1 ||     1
 Stab: Sleeping          |       |     1 ||     1
  Eat: Chunk             |     4 |     8 ||    12
Armor: Robe              |     1 |    12 ||    13
       Troll leather arm |       |    26 ||    26
Dodge: Dodged            |    16 |    86 ||   102
